 Dungeon Crawl Stone Soup version 0.20.1-1-g8b1a95d (webtiles) character file.

1404 Heedrag the Cleaver (level 8, -1/70 HPs)
             Began as a Minotaur Fighter on July 21, 2017.
             Slain by an ice beast (4 damage)
             ... on level 5 of the Dungeon.
             The game lasted 00:08:16 (3984 turns).

Heedrag the Cleaver (Minotaur Fighter)              Turns: 3984, Time: 00:08:17

Health: -1/70      AC:  7    Str: 23    XL:     8   Next: 42%
Magic:  7/7        EV: 10    Int:  8    God:
Gold:   173        SH: 10    Dex: 10    Spells: 7/7 levels left

rFire    . . .     SeeInvis .   a - +0 war axe
rCold    . . .     Gourm    .   c - +1 shield
rNeg     . . .     Faith    .   B - +0 ring mail of Cevuboqick {+Blink MR- Int+3} (curse)
rPois    .         Spirit   .   (helmet restricted)
rElec    .         Reflect  .   (no cloak)
rCorr    .         Harm     .   y - +0 pair of gloves
MR       .....                  (no boots)
Stlth    ..........             (no amulet)
Regen    0.3/turn               (no ring)
MPRegen  0.1/turn               (no ring)

@: no status effects
A: retaliatory headbutt, horns 2
a: Evoke Blink


You were on level 5 of the Dungeon.
You were hungry.

You visited 1 branch of the dungeon, and saw 5 of its levels.
You also visited: Sewer.

You collected 173 gold pieces.

Inventory:

Hand Weapons
 a - a +0 war axe (weapon)
 r - a +1 flail of holy wrath
Armour
 b - a +0 scale mail
 c - a +1 shield (worn)
 w - a +0 troll leather armour {Purgy}
 y - a +0 pair of gloves (worn)
 B - the cursed +0 ring mail of Cevuboqick (worn) {+Blink MR- Int+3}
   (You found it on level 4 of the Dungeon)

   It affects your intelligence (+3).
   It affects your resistance to hostile enchantments.
   It lets you blink.
   It has a curse placed upon it.
Wands
 v - a wand of digging (7/24)
Scrolls
 g - 2 scrolls of fear {unknown}
 i - 2 scrolls of identify {unknown}
 j - a scroll of random uselessness {unknown}
 k - 2 scrolls of remove curse {unknown}
 m - 2 scrolls of noise {unknown}
 n - 2 scrolls of amnesia {unknown}
 o - 3 scrolls of teleportation {unknown}
 z - 3 scrolls of blinking {unknown}
 C - a scroll of magic mapping
Potions
 d - 2 potions of might
 e - a potion of magic {unknown}
 l - a potion of agility {unknown}
 q - 3 potions of curing {unknown}
 s - 2 potions of brilliance {unknown}
 t - a potion of mutation {unknown}
 x - 2 potions of heal wounds {unknown}
 A - 2 potions of flight {unknown}
Comestibles
 f - 4 bread rations
 h - a royal jelly
 p - a fruit
 u - 2 chunks of flesh


   Skills:
 + Level 6.1 Fighting
 * Level 10.2 Axes
 + Level 5.2 Armour
 + Level 3.3 Dodging
 - Level 3.6 Shields


You had 7 spell levels left.
You didn't know any spells.

Dungeon Overview and Level Annotations

Branches:
Dungeon (5/15)
 Temple: D:4-7

Altars:
Gozag
Hepliaklqana
Ru
Trog
Yredelemnul

Annotations:
D:5 2 transporters


Innate Abilities, Weirdness & Mutations

You reflexively headbutt those who attack you in melee.
You have a pair of horns on your head.


Message History

You hit the ice beast but do no damage. You headbutt the ice beast!
The ice beast is severely wounded.
The ice beast hits you.
* * * LOW HITPOINT WARNING * * *
The ice beast freezes you!
* * * LOW HITPOINT WARNING * * *
The orc hits you from afar with a trident.
* * * LOW HITPOINT WARNING * * *
You block the ice beast's attack. The orc closely misses you.
The ice beast hits you but does no damage.
You block the orc's attack.
You hit the ice beast but do no damage.
The ice beast is severely wounded.
You block the orc's attack. The ice beast closely misses you.
Unknown command.
You hit the ice beast. You headbutt the ice beast.
The ice beast is severely wounded.
The ice beast hits you.
You die...

**#.#.#**,,*,,,,,****** #...#
*#.#,,,,,* ##..# #.#,,,,,*
#..## #.#,,,,,*
##..###.#,,,,,*
#....#.#****** #.##...#
###########.###.)#######**
#...........@Yo.........,****
#.#############.........,,,,,
#.# ##........,,*** #.#
#.%..$...,,* #÷# #.....$..,,*
##.# #........>,* ##..###
#........,,* #≈....#
##.......,** #≈≈≈..#
*,,,,,,,,,,*


You could see an ice beast and an orc.

Vanquished Creatures
  The ghost of Ketzopolo the Basher, a novice MiBe of Trog (D:5)
  Purgy (Sewer)
  An ice beast (D:5)
  A phantom (D:4)
  An ogre (D:4)
  A scorpion (D:4)
  A howler monkey (D:4)
  4 hounds
  A gnoll shaman (D:4)
  2 orc priests (D:4)
  A centaur skeleton (D:5)
  2 orc wizards
  A bullfrog skeleton (D:4)
  A worker ant (D:4)
  15 gnolls
  4 adders
  A shadow imp (D:5)
  An ooze (D:2)
  An adder skeleton (D:4)
  4 worms
  2 dart slugs
  4 leopard geckos
  12 orcs
  6 ball pythons
  3 giant cockroaches
  3 goblins
  9 hobgoblins
  9 jackals
  13 bats
  8 frilled lizards
  5 kobolds
  A quokka skeleton (D:4)
  7 rats
127 creatures vanquished.

Notes
Turn   | Place    | Note
-------+----------+-------------------------------------------
     0 | D:1      | Heedrag the Minotaur Fighter began the quest for the Orb.
     0 | D:1      | Reached XP level 1. HP: 19/19 MP: 0/0
    57 | D:1      | Reached skill level 3 in Axes
    94 | D:1      | Reached XP level 2. HP: 12/26 MP: 1/1
   271 | D:1      | Reached skill level 4 in Axes
   539 | D:2      | Reached XP level 3. HP: 31/31 MP: 2/2
   687 | D:2      | You fall through a shaft!
   690 | D:3      | Reached skill level 5 in Axes
   692 | D:3      | Reached XP level 4. HP: 38/39 MP: 3/3
   850 | D:3      | Found a bloodstained altar of Trog.
   938 | D:3      | Reached skill level 6 in Axes
  1104 | D:3      | Reached XP level 5. HP: 30/45 MP: 4/4
  1902 | D:3      | Reached skill level 7 in Axes
  2234 | D:4      | Reached XP level 6. HP: 33/51 MP: 5/5
  2261 | D:4      | Reached skill level 8 in Axes
  2527 | D:4      | Found a basalt altar of Yredelemnul.
  2852 | D:4      | Found a sacrificial altar of Ru.
  2895 | D:4      | Reached XP level 7. HP: 45/60 MP: 6/6
  2924 | D:4      | Found an opulent altar of Gozag.
  2979 | D:4      | Reached skill level 1 in Dodging
  3012 | D:4      | Reached skill level 5 in Fighting
  3012 | D:4      | Reached skill level 9 in Axes
  3123 | D:4      | Got an encrusted ring mail
  3134 | D:4      | Identified the cursed +0 ring mail of Cevuboqick {+Blink MR- Int+3} (You found it on level 4 of the Dungeon)
  3574 | D:5      | Entered Level 5 of the Dungeon
  3593 | D:5      | Noticed Ketzopolo's ghost (novice MiBe)
  3606 | D:5      | Killed Ketzopolo's ghost
  3606 | D:5      | Reached XP level 8. HP: 43/69 MP: 7/7
  3647 | D:5      | Found a transporter.
  3647 | D:5      | Found a transporter.
  3652 | D:5      | Noticed a gargoyle
  3659 | D:5      | Found a hazy altar of Hepliaklqana.
  3684 | D:5      | Reached skill level 10 in Axes
  3684 | D:5      | Reached skill level 5 in Armour
  3718 | D:5      | Found a glowing drain.
  3736 | Sewer    | Entered a sewer
  3771 | Sewer    | Noticed Purgy
  3778 | Sewer    | Killed Purgy
  3978 | D:5      | HP: 3/70 [ice beast (10)]
  3984 | D:5      | Slain by an ice beast

Skill      XL: |  1  2  3  4  5  6  7  8 |
---------------+-------------------------+-----
Axes           | 3 4 5 6 7 8 9 10 | 10.2
Fighting       | 4 5 6 |  6.1
Dodging        | 2 3 |  3.3
Armour         | 4 5 |  5.2
Shields        | |  3.6

Action                   |  1- 3 |  4- 6 |  7- 9 || total
-------------------------+-------+-------+-------++-------
Melee: War axe           |    84 |   160 |   150 ||   394
       Headbutt          |     8 |    29 |    23 ||    60
  Use: Scroll            |       |       |     2 ||     2
  Eat: Chunk             |       |     7 |     3 ||    10
Armor: Scale mail        |    30 |    76 |    12 ||   118
       Ring mail         |       |       |    27 ||    27
Dodge: Dodged            |    31 |    32 |    42 ||   105
Block: Shield            |    49 |    72 |    80 ||   201
